[Event "*** Titled Tuesday Blitz"]
[Site "Chess.com"]
[Date "2018.07.03"]
[Round "2"]
[White "meoluoi91"]
[Black "Roachelley"]
[Result "0-1"]
[WhiteElo "2493"]
[BlackElo "2315"]
[TimeControl "180+2"]
[EndTime "13:21:47 PDT"]
[Termination "Roachelley won by resignation"]

1. d4 d5 2. c4 c6 3. Nc3 Nf6 4. cxd5 cxd5 5. Bf4 a6 6. Rc1 Nc6 7. e3 e6 8. Bd3 Bd6 9. Bg5 h6 10. Bh4 O-O 11. f4 Be7 12. Nf3 Ng4 13. Bxe7 Qxe7 14.
Qe2 f5 15. O-O Nf6 16. Na4 Ne4 17. a3 Bd7 18. Nb6 Rad8 19. Rc2 Be8 20. Rfc1 Qd6 21. Ne5 Nxe5 22. Nc8 Rxc8 23. Rxc8 Nxd3 24. Qxd3 Bc6 25. Rxf8+ Kxf8 26. b4 Qd8 27. Qc2 Qb6 28. g3 Kg8 29. Qe2 Kh7 30. Qc2 Qb5 31. Rd1 Qc4 32. Qd2 Nxd2 0-1

[Event "*** Titled Tuesday Blitz"]
[Site "Chess.com"]
[Date "2018.07.03"]
[Round "2"]
[White "RitvarsReimanis"]
[Black "Mimsychess"]
[Result "1-0"]
[WhiteElo "2470"]
[BlackElo "2293"]
[TimeControl "180+2"]
[EndTime "13:21:57 PDT"]
[Termination "RitvarsReimanis won on time"]

1. d4 d5 2. c4 e6 3. Nc3 Be7 4. Nf3 Nf6 5. Qc2 O-O 6. cxd5 exd5 7. Bg5 c6 8. e3 Nbd7 9. Bd3 Re8 10. O-O Ne4 11. Bxe7 Qxe7 12. Bxe4 dxe4 13. Nd2 Nf6 14. Rab1 Bf5 15. b4 Rad8 16. b5 c5 17. Ne2 Rc8 18.
dxc5 Rxc5 19. Qa4 b6 20. Nb3 Re5 21. Nbd4 Bd7 22. Rfc1 Rg5 23. Nc6 Qd6 24. Rd1 Nd5 25. Nf4 Bxc6 26. bxc6 Rd8 27. Qxe4 Qxc6 28. Rbc1 Qd7 29. Rxd5 Rxd5 30. Qxd5 1-0

[Event "*** Titled Tuesday Blitz"]
[Site "Chess.com"]
[Date "2018.07.03"]
[Round "2"]
[White "Paralinch"]
[Black "rasmussvane"]
[Result "1-0"]
[WhiteElo "2789"]
[BlackElo "2553"]
[TimeControl "180+2"]
[EndTime "13:21:59 PDT"]
[Termination "Paralinch won by resignation"]

1. e4 c6 2. d4 d5 3. Nd2 dxe4 4. Nxe4 Bf5 5. Ng3 Bg6 6. h4 h6 7. Nf3 e6 8. h5 Bh7 9. Bd3 Bxd3 10. Qxd3 Nf6 11.
Bd2 Be7 12. O-O-O c5 13. Ne4 Nc6 14. Bc3 cxd4 15. Nxd4 Nxd4 16. Bxd4 O-O 17. Bxf6 Qxd3 18. Rxd3 Bxf6 19. Nxf6+ gxf6 20. Rd7 Rab8 21. Rhd1 f5 22. Rc7 Rfc8 23. Rxc8+ Rxc8 24. Rd7 Rb8 25. c4 Kg7 26. Kd2 Kf6 27. b4 e5 28. c5 a5 29. a3 axb4 30. axb4 f4 31. Kd3 b5 32. Ke4 Ra8 33. Rd6+ Kg5 34.
Kxe5 Ra2 35. f3 Rxg2 36. Rd5 Rc2 37. Kd6+ Kh4 38. c6 Kg3 39. c7 Rxc7 40. Kxc7 Kxf3 41. Rf5 1-0

[Event "*** Titled Tuesday Blitz"]
[Site "Chess.com"]
[Date "2018.07.03"]
[Round "2"]
[White "colegiodemadrid"]
[Black "MikeSailer"]
[Result "1-0"]
[WhiteElo "2217"]
[BlackElo "2039"]
[TimeControl "180+2"]
[EndTime "13:21:59 PDT"]
[Termination "colegiodemadrid won on time"]

1. e4 d5 2. exd5 Qxd5 3. Nc3 Qd8 4. d4 Nf6 5. Nf3 Bg4 6. h3 Bh5 7. Be3 e6 8. a3 a6 9. Be2 Bd6 10. O-O O-O 11. Nb1 Nbd7 12. c4 c5 13. d5 exd5 14. cxd5 b5 15. a4 c4 16. axb5 axb5 17. Rxa8 Qxa8 18.
Nc3 Qb7 19. Nh4 Bxe2 20. Qxe2 Nxd5 21. Nxd5 Qxd5 22. Rd1 Qe5 23. Nf3 Qf6 24. Qd2 Ne5 25. Qxd6 Nxf3+ 26. gxf3 Qxf3 27. Bc5 Re8 28. Qd7 Qe4 29.
Bb6 Qg6+ 30. Kh2 Rf8 31. Bc5 h6 32. Bxf8 1-0

[Event "*** Titled Tuesday Blitz"]
[Site "Chess.com"]
[Date "2018.07.03"]
[Round "2"]
[White "nickmatta"]
[Black "pedromartinez91"]
[Result "0-1"]
[WhiteElo "2269"]
[BlackElo "2417"]
[TimeControl "180+2"]
[EndTime "13:22:02 PDT"]
[Termination "pedromartinez91 won by resignation"]

1. d4 d5 2. c4 c6 3. Nf3 Nf6 4. Qc2 g6 5. Bf4 Bg7 6. e3 Bf5 7. Qb3 Qb6 8. Nc3 O-O 9. Be2 Nbd7 10. h3 Ne4 11. g4 Be6 12. Nxe4 dxe4 13. Ng5 Qa5+ 14. Kf1 Nb6 15. Nxe6 fxe6 16. Bc7 Qd2 17. Bxb6 Rxf2+ 18. Kxf2 Rf8+ 19. Kg1 axb6 20. Rf1 Qxe2 21. Rxf8+ Bxf8 22. Rh2 Qe1+ 23. Kg2 Bh6 24. Qc3 Qd1 25. h4 Qf3+ 26. Kg1 Bxe3+ 27. Qxe3 Qxe3+ 0-1

[Event "*** Titled Tuesday Blitz"]
[Site "Chess.com"]
[Date "2018.07.03"]
[Round "2"]
[White "GameOverBro"]
[Black "Caterpiller35"]
[Result "1-0"]
[WhiteElo "2429"]
[BlackElo "2278"]
[TimeControl "180+2"]
[EndTime "13:22:13 PDT"]
[Termination "GameOverBro won by resignation"]

1. e4 c5 2. Ne2 g6 3. g3 Bg7 4. d4 cxd4 5. Nxd4 Nc6 6. Ne2 h5 7. h3 d6 8. Nbc3 Rb8 9. a4 Nf6 10. Bg2 O-O 11. Be3 a6 12. O-O b5 13. axb5 axb5 14.
Nd5 Nxd5 15. exd5 Ne5 16. Bd4 e6 17. Kh2 exd5 18. f4 Nc4 19. Bxg7 Kxg7 20. b3 Nb6 21.
Nd4 Bd7 22. f5 Qg5 23. f6+ Kh8 24. h4 Qe5 25. Qd2 Kh7 26. Nf3 Qe8 27. Ng5+ Kg8 28.
Rae1 Qc8 29. Re7 Bg4 30. Ne6 Kh7 31. Ng5+ Kg8 32. Nxf7 Rxf7 33. Qh6 Rxe7 34. Qxg6+ Kh8 35. fxe7 1-0

[Event "*** Titled Tuesday Blitz"]
[Site "Chess.com"]
[Date "2018.07.03"]
[Round "2"]
[White "Zaven_ChessMood"]
[Black "VerdeNotte"]
[Result "1-0"]
[WhiteElo "2889"]
[BlackElo "2580"]
[TimeControl "180+2"]
[EndTime "13:22:20 PDT"]
[Termination "Zaven_ChessMood won by resignation"]

1. e4 c5 2. Nf3 d6 3. Nc3 Nf6 4. g3 g6 5. Bg2 Nc6 6. d3 Bg7 7. O-O O-O 8. h3 Rb8 9. a4 b6 10. Be3 Bb7 11. Qd2 Re8 12. Rad1 e5 13. Nh2 Nd4 14. Bg5 Ne6 15. Bh6 d5 16. Bxg7 Kxg7 17.
Qe1 Nd4 18. Rd2 dxe4 19. Nxe4 Nxe4 20. dxe4 Qc8 21. Qe3 Rd8 22. Ng4 Qe6 23. Qh6+ Kg8 24. Rfd1 f5 25. exf5 Qxf5 26. Qe3 Qf8 27. c3 Nf3+ 28.
Bxf3 Rxd2 29. Rxd2 Qxf3 30. Qxf3 Bxf3 31. Nxe5 Be4 32. Nd7 Rb7 33. Nf6+ Kf7 34. Nxe4 Re7 35. f3 c4 36. Kf2 Re5 37. Rd7+ Ke6 38. Rxa7 Rd5 39.
Rb7 Rd1 40. Rxb6+ Ke5 41. a5 Rh1 42. h4 1-0

[Event "*** Titled Tuesday Blitz"]
[Site "Chess.com"]
[Date "2018.07.03"]
[Round "2"]
[White "Arman_Hakemi"]
[Black "sergeikim"]
[Result "1-0"]
[WhiteElo "2295"]
[BlackElo "2412"]
[TimeControl "180+2"]
[EndTime "13:22:22 PDT"]
[Termination "Arman_Hakemi won by resignation"]

1. Nf3 Nf6 2. g3 g6 3. Bg2 Bg7 4. O-O O-O 5. d3 d6 6. c4 e5 7. Nc3 Nbd7 8. Rb1 Nh5 9. b4 f5 10. Bd2 f4 11. Ne1 g5 12. e3 Ndf6 13. Nc2 g4 14. Re1 Kh8 15. d4 f3 16. Bf1 e4 17.
d5 Bf5 18. Nd4 Qd7 19. c5 dxc5 20. bxc5 Nxd5 21. Rxb7 Bxd4 22. exd4 Nhf6 23. Qb3 Be6 24. Bc4 Rae8 25. Nxe4 Nxe4 26. Rxe4 Bg8 27. Re5 Rxe5 28. dxe5 Nb6 29. Bc3 Bxc4 30. e6+ Kg8 31. exd7 Bxb3 32. cxb6 Be6 33. bxa7 Ra8 34. Rb8+ 1-0

[Event "*** Titled Tuesday Blitz"]
[Site "Chess.com"]
[Date "2018.07.03"]
[Round "2"]
[White "Last7Samurai"]
[Black "mishanick"]
[Result "1-0"]
[WhiteElo "2608"]
[BlackElo "2855"]
[TimeControl "180+2"]
[EndTime "13:22:23 PDT"]
[Termination "Last7Samurai won on time"]

1. e4 c5 2. c3 d6 3. d4 cxd4 4. cxd4 g6 5. Nc3 Bg7 6. h3 Nf6 7. Nf3 O-O 8. Bd3 Nc6 9. O-O e5 10. d5 Ne7 11. Be3 Nh5 12. Rc1 a6 13. Na4 f5 14. Nb6 Rb8 15. Nxc8 Rxc8 16. Ng5 Rxc1 17. Bxc1 fxe4 18. Ne6 Qa5 19. Bxe4 Rc8 20. Bg5 Bf6 21.
a3 Bxg5 22. Nxg5 Qb5 23. Nxh7 Nf4 24. a4 Qe2 25. Ng5 Rc4 26. Bf3 Qxd1 27. Rxd1 1-0

[Event "*** Titled Tuesday Blitz"]
[Site "Chess.com"]
[Date "2018.07.03"]
[Round "2"]
[White "Mikhail_Golubev"]
[Black "Opening_Prep"]
[Result "1-0"]
[WhiteElo "2404"]
[BlackElo "2423"]
[TimeControl "180+2"]
[EndTime "13:22:24 PDT"]
[Termination "Mikhail_Golubev won by resignation"]

1. e4 e5 2. Nf3 Nc6 3. Bb5 Nf6 4. O-O Nxe4 5. Re1 Nd6 6. Nxe5 Be7 7. Nxc6 dxc6 8. Be2 Nf5 9. c3 c5 10. d3 O-O 11.
Bf4 Be6 12. Na3 c6 13. Qd2 Qd7 14. Nc4 Rfd8 15. Ne5 Qc8 16. g4 Nh4 17. Bg5 Bxg5 18. Qxg5 Ng6 19. Nxg6 hxg6 20. h4 Rd5 21. Qf4 Qb8 22.
Qxb8+ Rxb8 23. f3 Kf8 24. Kf2 a5 25. Bf1 Rd7 26. Re5 b6 27. a3 Ra8 28. Rae1 Rd5 29. Kg3 Rxe5 30. Rxe5 Ke7 31. f4 Kd6 32. Re1 b5 33. Bg2 b4 34. cxb4 axb4 35. axb4 cxb4 36. Re4 c5 37. Rxe6+ 1-0

[Event "*** Titled Tuesday Blitz"]
[Site "Chess.com"]
[Date "2018.07.03"]
[Round "2"]
[White "josiwales"]
[Black "champ2005"]
[Result "0-1"]
[WhiteElo "2500"]
[BlackElo "2710"]
[TimeControl "180+2"]
[EndTime "13:22:27 PDT"]
[Termination "champ2005 won by resignation"]

1. e4 c6 2. d4 d5 3. Nc3 dxe4 4. Nxe4 Bf5 5. Ng3 Bg6 6. h4 h6 7. Nf3 Nd7 8. h5 Bh7 9. Bd3 Bxd3 10. Qxd3 e6 11. Bf4 Qa5+ 12. Bd2 Bb4 13. Ne4 Ngf6 14. Nd6+ Ke7 15. Nxb7 Qb6 16. Qb3 Bxd2+ 17. Nxd2 Rab8 18. Qa3+ c5 19. dxc5 Qxb7 20. c6+ Qb4 21. Qxb4+ Rxb4 22. cxd7 Rxb2 23. O-O-O Rxa2 24. Nb3 Rd8 25. Rh4 Ra6 26. Rhd4 Rc6 27. Na5 Rc7 28. Rd6 Rdxd7 29. Nc6+ Ke8 30.
Rxd7 Rxd7 31. Rxd7 Kxd7 32. Nxa7 Nxh5 33. Nb5 Nf4 34. g3 Ng6 35. Kd2 Ne5 36. Ke3 Kc6 37. Nc3 Ng4+ 38. Kf3 Nf6 39. Nd1 Kc5 40. Ne3 Kd4 41. Kf4 Nd5+ 42. Nxd5 exd5 43. Kf5 Kc3 44. Ke5 Kxc2 45. Kxd5 Kd3 46. g4 Ke2 0-1

[Event "*** Titled Tuesday Blitz"]
[Site "Chess.com"]
[Date "2018.07.03"]
[Round "2"]
[White "VovenRogel"]
[Black "1e41-0"]
[Result "1-0"]
[WhiteElo "2701"]
[BlackElo "2497"]
[TimeControl "180+2"]
[EndTime "13:22:44 PDT"]
[Termination "VovenRogel won by resignation"]

1. c4 e5 2. Nc3 Bb4 3. Nd5 Bc5 4. Nf3 e4 5. d4 exf3 6. dxc5 fxg2 7. Bxg2 Ne7 8. Rg1 Ng6 9. h4 c6 10. h5 cxd5 11.
hxg6 hxg6 12. Qxd5 Rh5 13. Qd3 Nc6 14. Bd2 Rxc5 15.
Bc3 d6 16. O-O-O Be6 17. Bd5 Bxd5 18. cxd5 Ne7 19. Kb1 Qd7 20. e4 f6 21. Bd4 Rc7 22. Rh1 Kf7 23. Rh7 Rac8 24. Bxf6 Kxf6 25. Qd4+ Kg5 26. Rg1+ Qg4 27. f4+ Kxf4 28. e5+ Kf5 29. Qxg4+ Kxe5 30. Qe6+ Kd4 31. Rh4+ Kc5 32. Qe3+ Kxd5 33.
Rd1+ Kc6 34. Rc4+ Kd7 35. Rxc7+ Rxc7 36. Qxa7 Nf5 37. Qb6 Kc8 38. a4 Rc6 39. Qb3 Kc7 40. Qf7+ Kb6 41. Qxg6 Ne3 42. Qg1 1-0

[Event "*** Titled Tuesday Blitz"]
[Site "Chess.com"]
[Date "2018.07.03"]
[Round "2"]
[White "Sven_Tica"]
[Black "florianschwabeneder"]
[Result "1-0"]
[WhiteElo "2662"]
[BlackElo "2485"]
[TimeControl "180+2"]
[EndTime "13:22:44 PDT"]
[Termination "Sven_Tica won on time"]

1. d4 Nf6 2. c4 c5 3. d5 e5 4. Nc3 d6 5. e4 Nbd7 6. Nge2 g6 7.
Ng3 h5 8. h4 a6 9. a4 Bg7 10. Be2 Nf8 11. Nf1 Ng8 12. Ne3 Bh6 13.
Bd2 Nd7 14. f3 Ne7 15. g4 Bf4 16. g5 f6 17. Ng2 fxg5 18. hxg5 Bxd2+ 19. Qxd2 Kf8 20.
Nd1 Kg7 21. Nde3 Nf8 22. Qc3 Kg8 23. Kd2 Nh7 24. Rag1 Bd7 25. f4 exf4 26. Nxf4 b5 27. e5 b4 28. Qd3 dxe5 29. Nxg6 Qe8 30. Nxe5 Nf8 31. g6 Kg7 32. Rxh5 Rxh5 33. Bxh5 Nc8 34. Nxd7 Nxd7 35. Nf5+ Kg8 36. Qh3 Qe5 37. g7 Qxb2+ 38. Ke1 Qc1+ 39. Bd1 1-0

[Event "*** Titled Tuesday Blitz"]
[Site "Chess.com"]
[Date "2018.07.03"]
[Round "2"]
[White "Joel1285"]
[Black "gemarin"]
[Result "0-1"]
[WhiteElo "1735"]
[BlackElo "1822"]
[TimeControl "180+2"]
[EndTime "13:22:45 PDT"]
[Termination "gemarin won on time"]

1. d4 d5 2. c4 c6 3. Nf3 Nf6 4. Nc3 e6 5. Bg5 h6 6. Bxf6 Qxf6 7. e3 Qd8 8. Qc2 Nd7 9. O-O-O Nf6 10. e4 dxe4 11.
Nxe4 Be7 12. h4 Qa5 13. Kb1 Bd7 14. Ne5 Rd8 15. f3 c5 16. Nxc5 Bxc5 17. dxc5 Qxc5 18. Nxd7 Nxd7 19. Bd3 Ne5 20. Rhe1 Ke7 21. Bf1 Rxd1+ 22. Rxd1 Rc8 23. b3 b5 24. Qh7 bxc4 25. Rc1 c3 26. Bc4 Nxc4 27. Rxc3 Na3+ 0-1

[Event "*** Titled Tuesday Blitz"]
[Site "Chess.com"]
[Date "2018.07.03"]
[Round "2"]
[White "canwedoit"]
[Black "Aleksey_Sorokin"]
[Result "0-1"]
[WhiteElo "2542"]
[BlackElo "2771"]
[TimeControl "180+2"]
[EndTime "13:22:48 PDT"]
[Termination "Aleksey_Sorokin won by resignation"]

1. d4 Nf6 2. Bf4 d5 3. e3 c5 4. dxc5 Qa5+ 5. Nc3 Qxc5 6. Nb5 Na6 7. c3 Bd7 8. a4 e6 9. Nf3 Be7 10. Bd3 O-O 11.
O-O Qc8 12. Ne5 Nc5 13. Bc2 a6 14. Nd4 Be8 15. a5 Ncd7 16. h3 Nxe5 17. Bxe5 Nd7 18. Bh2 Nc5 19. Qf3 f5 20. Rfd1 Ne4 21. Bb3 Bf7 22.
Qe2 Nc5 23. Bc2 Bf6 24. Nf3 Nd7 25. Ba4 Bh5 26. c4 Nc5 27. cxd5 Nxa4 28. Rxa4 exd5 29. Rxd5 Qc6 30. Qd1 Rfd8 31. Rxd8+ Rxd8 32. Qb3+ Bf7 33. Qb4 Rd1+ 34. Ne1 Qxa4 0-1

[Event "*** Titled Tuesday Blitz"]
[Site "Chess.com"]
[Date "2018.07.03"]
[Round "2"]
[White "DiamondCrusher22"]
[Black "AsaHoffmann"]
[Result "1-0"]
[WhiteElo "1957"]
[BlackElo "1991"]
[TimeControl "180+2"]
[EndTime "13:22:51 PDT"]
[Termination "DiamondCrusher22 won by resignation"]

1. e4 d6 2. d4 Nf6 3. Nc3 c6 4. f4 Qa5 5. Bd3 e5 6. Nf3 exd4 7. Nxd4 Qb6 8. Be3 Ng4 9. Bg1 Qxb2 10. Na4 Qb4+ 11. c3 Qa5 12. h3 Nf6 13. Rc1 Nbd7 14. Be3 Be7 15. O-O O-O 16. Nf5 Qd8 17. Bb1 Re8 18. e5 dxe5 19. fxe5 Nd5 20. Nh6+ gxh6 21. Qh5 f5 22. Bxf5 Rf8 23. Be6+ Kh8 24. Bxh6 Rg8 25.
Rf7 Nf8 26. Bxf8 Rxg2+ 27. Kxg2 Nf4+ 28. Rxf4 Bxe6 29. Bxe7 Qxe7 30. Qh4 Rg8+ 31. Kh2 Qg7 32. Qf6 Qxf6 33. Rxf6 Re8 34. Nc5 Bd5 35. e6 b6 36. Rcf1 bxc5 37. Rf8+ Rxf8 38. Rxf8+ Kg7 39. e7 Bf7 40. e8=Q Bxe8 41. Rxe8 Kf6 42. Rc8 Ke6 43.
Rxc6+ Kd5 44. Rc7 c4 45. Rxa7 1-0

[Event "*** Titled Tuesday Blitz"]
[Site "Chess.com"]
[Date "2018.07.03"]
[Round "2"]
[White "ENEASZ"]
[Black "Msb2"]
[Result "0-1"]
[WhiteElo "2509"]
[BlackElo "2738"]
[TimeControl "180+2"]
[EndTime "13:22:54 PDT"]
[Termination "Msb2 won by resignation"]

1. e4 e6 2. d4 d5 3. Bd3 dxe4 4. Bxe4 Nf6 5. Bf3 c5 6. Ne2 Be7 7. O-O O-O 8. c4 cxd4 9. Nxd4 e5 10. Nb3 e4 11.
Be2 Nc6 12. Nc3 Be6 13. Bg5 Qc7 14. Bxf6 Bxf6 15. Nd5 Qe5 16. Nxf6+ Qxf6 17. Nc5 Rad8 18. Qa4 Qxb2 19. Nxe6 fxe6 20. Bg4 Rxf2 21. Bxe6+ Kh8 22. Rxf2 Qxa1+ 23. Rf1 Qd4+ 24. Kh1 e3 25. Qa3 Qf6 26. Kg1 Qxe6 27. Rf8+ Rxf8 28. Qxf8+ Qg8 0-1

[Event "*** Titled Tuesday Blitz"]
[Site "Chess.com"]
[Date "2018.07.03"]
[Round "2"]
[White "Fins0905"]
[Black "mukhin1"]
[Result "0-1"]
[WhiteElo "2589"]
[BlackElo "2922"]
[TimeControl "180+2"]
[EndTime "13:22:55 PDT"]
[Termination "mukhin1 won by resignation"]

1. d4 Nf6 2. c4 g6 3. Nf3 Bg7 4. Nc3 d5 5. Bg5 Ne4 6. Bh4 c5 7. e3 cxd4 8. exd4 Nxc3 9. bxc3 O-O 10. Be2 dxc4 11. Bxc4 Qc7 12. Qb3 Nc6 13. Bg3 e5 14. Be2 Qa5 15. dxe5 Be6 16. Qb2 Nxe5 17. Nxe5 Bxe5 18.
Bxe5 Qxe5 19. O-O b6 20. a4 Rac8 21. Rfc1 Rfd8 22. Bf1 Rc5 23. g3 Rdc8 24. Ra3 Kg7 25. Qa1 Bd5 26. a5 b5 27. Re1 Qf6 28. a6 Rxc3 29. Rxc3 Rxc3 30. Bg2 Bxg2 31. Kxg2 b4 32. Qa5 b3 33. Qb4 Rc2 34. Rf1 b2 35. Kg1 Rc1 0-1

[Event "*** Titled Tuesday Blitz"]
[Site "Chess.com"]
[Date "2018.07.03"]
[Round "2"]
[White "MITerryble"]
[Black "eljanov"]
[Result "1-0"]
[WhiteElo "2684"]
[BlackElo "2637"]
[TimeControl "180+2"]
[EndTime "13:22:58 PDT"]
[Termination "MITerryble won by resignation"]

1. d4 d5 2. Nf3 Nf6 3. c4 c6 4. Nc3 a6 5. a4 e6 6. g3 dxc4 7.
Bg2 c5 8. Be3 cxd4 9. Nxd4 Be7 10. Nf3 Nd5 11. Bd4 O-O 12. Ne5 Nc6 13. Nxc6 bxc6 14.
O-O a5 15. Ne4 Ba6 16. Rc1 Rb8 17. Nc5 Bxc5 18. Bxc5 Re8 19. Qd2 Rb3 20. Rfd1 Qc7 21.
Rc2 h6 22. h4 e5 23. Be4 Nf6 24. Bg2 Nd5 25. Bxd5 cxd5 26. Qxd5 Qc8 27. Be3 Qd8 28. Qxd8 1-0

[Event "*** Titled Tuesday Blitz"]
[Site "Chess.com"]
[Date "2018.07.03"]
[Round "2"]
[White "Kaphrep"]
[Black "morphy1984"]
[Result "1-0"]
[WhiteElo "2670"]
[BlackElo "2514"]
[TimeControl "180+2"]
[EndTime "13:22:59 PDT"]
[Termination "Kaphrep won by resignation"]

1. b3 e5 2. Bb2 Nc6 3. Nf3 e4 4.
Nd4 Nxd4 5. Bxd4 Nf6 6. e3 Be7 7.
c4 O-O 8. Nc3 c6 9. Be2 d5 10.
cxd5 cxd5 11. O-O Be6 12. f3 a6 13. Qe1 b5 14. fxe4 Nxe4 15. Nxe4 dxe4 16. Qg3 f6 17. Bg4 Qd7 18. h3 Rac8 19. Rf2 Bc5 20. Bc3 Bxg4 21.
hxg4 Qd3 22. Re1 Bb6 23. Qf4 h6 24. Qf5 Rc5 25. Qe6+ Kh8 26. Qxb6 Rg5 27. Qe6 1-0

[Event "*** Titled Tuesday Blitz"]
[Site "Chess.com"]
[Date "2018.07.03"]
[Round "2"]
[White "Quiet_Desperation"]
[Black "SamCopeland"]
[Result "1-0"]
[WhiteElo "1846"]
[BlackElo "1974"]
[TimeControl "180+2"]
[EndTime "13:23:00 PDT"]
[Termination "Quiet_Desperation won by resignation"]

1. e4 e6 2. d4 d5 3. Nc3 Nf6 4. e5 Nfd7 5. f4 c5 6. Nf3 Nc6 7. Be3 a6 8. Qd2 b5 9. dxc5 Bxc5 10. Bxc5 Nxc5 11. Bd3 O-O 12. O-O-O b4 13. Ne2 a5 14.
Kb1 a4 15. h4 b3 16. Ng5 bxa2+ 17. Kxa2 g6 18. h5 Qb6 19. hxg6 Nb3 20. gxf7+ Rxf7 21. Qc3 Nb4+ 22. Kb1 Rc7 23. Bxh7+ Kf8 24. Qh3 a3 25. Qh6+ Rg7 26. Qf6+ Ke8 27. Bg6+ Rxg6 28. Qxg6+ Kd7 29. bxa3 Rxa3 30. Qxe6+ Qxe6 31. Nxe6 Kxe6 32. cxb3 Rxb3+ 33. Kc1 Ba6 34. Nd4+ 1-0

[Event "*** Titled Tuesday Blitz"]
[Site "Chess.com"]
[Date "2018.07.03"]
[Round "2"]
[White "plouarzel"]
[Black "2Tilted"]
[Result "1-0"]
[WhiteElo "2477"]
[BlackElo "2313"]
[TimeControl "180+2"]
[EndTime "13:23:01 PDT"]
[Termination "plouarzel won by resignation"]

1. e4 c5 2. Nf3 e6 3. g3 Nc6 4.
Bg2 Nf6 5. d3 d6 6. O-O Be7 7.
c3 e5 8. Nbd2 O-O 9. Re1 b5 10.
a4 b4 11. Nc4 a5 12. Bg5 h6 13. Bxf6 Bxf6 14. Nfd2 Bg5 15. Ne3 Be6 16. Ndc4 g6 17.
Nd5 Bxd5 18. exd5 Ne7 19. Qe2 f5 20. Rad1 Bf6 21. f4 exf4 22. gxf4 bxc3 23. bxc3 Rf7 24. Qe6 Ra6 25. Ne5 dxe5 26. Qxa6 Nxd5 27. fxe5 Nxc3 28. exf6 Nxd1 29. Rxd1 Qxf6 30. Qxf6 Rxf6 31. Rc1 Rd6 32. Rxc5 Rxd3 33. Rxa5 Rd1+ 34. Kf2 Rd2+ 35. Kf1 Kg7 36. h4 Kf6 37. Ra6+ Kg7 38. a5 g5 39. h5 g4 40.
Rg6+ Kf7 41. a6 Ra2 42. Bd5+ 1-0

[Event "*** Titled Tuesday Blitz"]
[Site "Chess.com"]
[Date "2018.07.03"]
[Round "2"]
[White "Grebeniuk-S"]
[Black "Flawless2018"]
[Result "0-1"]
[WhiteElo "2459"]
[BlackElo "2418"]
[TimeControl "180+2"]
[EndTime "13:23:04 PDT"]
[Termination "Flawless2018 won by resignation"]

1. d4 Nf6 2. Nf3 e6 3. e3 d5 4.
Bd3 Bd6 5. Nbd2 b6 6. O-O Bb7 7. Ne5 Ne4 8. Qf3 f5 9. Bxe4 Bxe5 10. Bxf5 Rf8 11. Qh5+ g6 12. Bxg6+ hxg6 13. Qxg6+ Kd7 14. dxe5 Nc6 15. f4 Qe7 16. Nf3 Rh8 17. Bd2 Rag8 18. Qf6 Qh7 19. Be1 Ne7 20. Bg3 Rf8 21. Ng5 Qg8 22.
Qxe6+ Qxe6 23. Nxe6 Kxe6 24. Rae1 Nf5 25. Bf2 c5 26. c3 Ba6 27. g3 Bxf1 28. Rxf1 Rh3 29.
Kg2 Rfh8 30. Bg1 Rxh2+ 31. Kf3 Rxb2 32. e4 dxe4+ 33. Kxe4 Nxg3+ 0-1

[Event "*** Titled Tuesday Blitz"]
[Site "Chess.com"]
[Date "2018.07.03"]
[Round "2"]
[White "volodja49"]
[Black "Parhamov"]
[Result "1/2-1/2"]
[WhiteElo "2468"]
[BlackElo "2756"]
[TimeControl "180+2"]
[EndTime "13:23:04 PDT"]
[Termination "Game drawn by agreement"]

1. d4 d5 2. c4 c6 3. Nc3 Nf6 4. cxd5 cxd5 5. Nf3 a6 6. Bf4 Nc6 7. e3 Bf5 8. Rc1 e6 9. Bd3 Bxd3 10. Qxd3 Be7 11.
O-O O-O 12. h3 Qa5 13. a3 Rfc8 14. Rc2 Qd8 15. Rfc1 Na5 16. Ne5 Nc4 17. Nb1 b5 18. b3 Nxe5 19. Bxe5 Nd7 20. Bc7 Qf8 21. b4 Bd8 22.
Nd2 Bxc7 23. Rxc7 Nb6 24. Nb3 Nc4 25. Rxc8 Qxc8 26. Nc5 a5 27. Qb3 axb4 28. Qxb4 Nxa3 29. Rc3 Nc4 30. Qxb5 Ra1+ 31. Kh2 Nd2 32. Qb2 Nf1+ 33. Kg1 Qa8 34. Rc1 Ra2 35. Qc3 Nd2 36. Nb3 Nc4 37.
Nc5 h6 38. Rb1 Nd2 39. Rd1 Nc4 40. Rb1 Ra3 41. Qb4 Kh7 42. Qb7 Qe8 43. Qc7 Nd2 44. Rb8 Ra1+ 45. Kh2 Nf1+ 46. Kh1 Nxe3+ 47. Kh2 Nf1+ 48.
Kg1 1/2-1/2

[Event "*** Titled Tuesday Blitz"]
[Site "Chess.com"]
[Date "2018.07.03"]
[Round "2"]
[White "destroyer305"]
[Black "Doraemon7"]
[Result "1-0"]
[WhiteElo "2314"]
[BlackElo "2479"]
[TimeControl "180+2"]
[EndTime "13:23:08 PDT"]
[Termination "destroyer305 won by resignation"]

1. e4 e5 2. Nf3 Nc6 3. d4 exd4 4. Bc4 Nf6 5. e5 Ne4 6. Qe2 Nc5 7. c3 d3 8. Qe3 Be7 9. b4 Ne6 10. O-O d6 11. Rd1 Nxe5 12. Nxe5 dxe5 13. Bxd3 Bd6 14. c4 c6 15. c5 Bc7 16. Bb2 Qg5 17. Qxg5 Nxg5 18.
f4 exf4 19. Bxg7 Rg8 20. Bf6 f3 21. g3 Bh3 22. Nc3 Bg2 23. Re1+ Kf8 24. Be7+ Kg7 25. Bxg5 Rae8 26. Ne4 Be5 27. Nd6 Bd4+ 28. Be3 Rxe3 29. Nf5+ Kf6 30. Nxe3 Bxa1 31. Rxa1 Rd8 32. Rd1 Bh3 33.
Kf2 Be6 34. Kxf3 Bxa2 35. Be4 Re8 36. Rd6+ Be6 37. Bf5 Re7 38. Bxe6 fxe6 39. Nc4 Kf5 40. g4+ Kg5 41. Ne5 Kh4 42. Rd7 Rxd7 43. Nxd7 1-0

[Event "*** Titled Tuesday Blitz"]
[Site "Chess.com"]
[Date "2018.07.03"]
[Round "2"]
[White "cool4chess"]
[Black "FearNoEvil12"]
[Result "1-0"]
[WhiteElo "2038"]
[BlackElo "1974"]
[TimeControl "180+2"]
[EndTime "13:23:09 PDT"]
[Termination "cool4chess won by resignation"]

1. e4 a6 2. d4 b5 3. a4 b4 4. a5 Bb7 5. Bd3 e6 6. Nf3 Nf6 7. Qe2 d6 8. O-O Nbd7 9. Bg5 h6 10. Bd2 g5 11. Bxb4 Rb8 12. Bc3 Rg8 13. e5 Nd5 14. Bd2 g4 15. Ne1 h5 16. c4 Ne7 17. exd6 cxd6 18.
Nc3 Nf6 19. Ne4 Nf5 20. Bg5 Bxe4 21. Bxe4 Rxg5 22. Bc6+ Ke7 23. Nd3 Nxd4 24. Qe3 Nxc6 25. Qxg5 Nd4 26. Nf4 Kd7 27. Rad1 e5 28. Nxh5 Nxh5 29.
Qxg4+ f5 30. Qxh5 Qf6 31. Qh3 Ne2+ 32. Kh1 Nf4 33. Qf3 Be7 34. c5 Rg8 35. g3 Ne6 36.
cxd6 Bxd6 37. Qd5 Qe7 38. Qxe5 Ke8 39. Rxd6 Rg6 40. Re1 Kf7 41. Rxe6 Rxe6 42. Qxf5+ Qf6 43. Qxe6+ Qxe6 44. Rxe6 Kxe6 45. h4 1-0

[Event "*** Titled Tuesday Blitz"]
[Site "Chess.com"]
[Date "2018.07.03"]
[Round "2"]
[White "kungmongmanh"]
[Black "attack2mateU"]
[Result "0-1"]
[WhiteElo "2478"]
[BlackElo "2661"]
[TimeControl "180+2"]
[EndTime "13:23:15 PDT"]
[Termination "attack2mateU won by resignation"]

1. d4 Nf6 2. c4 e6 3. Nc3 Bb4 4. Qc2 O-O 5. Nf3 c5 6. dxc5 Na6 7. Bf4 Nxc5 8. e3 Nce4 9. Bd3 Nxc3 10. bxc3 Be7 11.
O-O b6 12. Ng5 h6 13. Ne4 Nh5 14. Bd6 Bb7 15. Rfd1 f5 16. Bxe7 Qxe7 17. Ng3 Nxg3 18. hxg3 h5 19. Be2 h4 20. gxh4 Qxh4 21. Rxd7 Rf6 22.
Bf1 Bf3 23. Rd4 Be4 24. Qd1 Rh6 25. f3 Rf8 26. Qe1 Qh2+ 27. Kf2 e5 28. Rd7 f4 29. fxe4 f3 30. c5 fxg2+ 31. Ke2 gxf1=Q+ 32. Kd1 Qhe2+ 33. Kc1 Qfxe1+ 0-1

[Event "*** Titled Tuesday Blitz"]
[Site "Chess.com"]
[Date "2018.07.03"]
[Round "2"]
[White "Angry_Serb"]
[Black "oskariot"]
[Result "1-0"]
[WhiteElo "2505"]
[BlackElo "2370"]
[TimeControl "180+2"]
[EndTime "13:23:15 PDT"]
[Termination "Angry_Serb won by resignation"]

1. e4 e6 2. d4 d5 3. Nc3 Bb4 4. Ne2 Nf6 5. e5 Nfd7 6. a3 Be7 7. Be3 c5 8. f4 Nc6 9. Qd2 O-O 10. g3 Rb8 11. dxc5 Bxc5 12. Nd4 a6 13. Na4 Bxd4 14. Bxd4 Nxd4 15. Qxd4 b5 16. Nc5 Nxc5 17. Qxc5 Bd7 18. Bd3 f6 19. Qd4 Qb6 20. Qxb6 Rxb6 21. exf6 gxf6 22.
O-O-O Be8 23. Rhe1 Bf7 24. Bf1 Rc8 25. c3 a5 26. Kd2 b4 27. cxb4 axb4 28. a4 Bg6 29.
Rc1 Rbc6 30. Rxc6 Rxc6 31. Rc1 Rxc1 32. Kxc1 Be4 33. a5 d4 34. Bc4 Kf7 35. a6 h6 36.
Kd2 Ke7 37. g4 e5 38. fxe5 fxe5 39. h4 Bc6 40. Kd3 Kd6 41. g5 hxg5 42. hxg5 Kc5 43. g6 e4+ 44. Kd2 Kxc4 45. g7 Bd5 46. a7 e3+ 47.
Ke2 Kb3 48. a8=Q Bc4+ 1-0